 Dungeon Crawl Stone Soup version 0.19.5 (webtiles) character file.

65287 Azzok the Crack Shot (level 14, -11/118 HPs)
             Began as a Centaur Hunter on May 27, 2017.
             Was the Champion of Okawaru.
             Mangled by Rupert
             ... wielding a +2 battleaxe of electrocution
              (18 damage)
             ... on level 12 of the Dungeon on May 28, 2017.
             The game lasted 01:15:03 (33725 turns).

Azzok the Crack Shot (Centaur Hunter)              Turns: 33725, Time: 01:15:03

Health: -11/118    AC: 23    Str: 20    XL:     14   Next: 74%
Magic:  0/23       EV:  9    Int:  7    God:    Okawaru [******]
Gold:   950        SH:  0    Dex: 13    Spells: 1 memorised, 12 levels left

rFire  . . .     SeeInvis .     a - +2 longbow (flame)
rCold  + + .     Gourm    .     J - +6 scale mail "Feruh" {+Inv +Fly Int-3 Slay+3}
rNeg   . . .     Faith    +     (shield currently unavailable)
rPois  +         Spirit   +     v - +1 hat {Spirit}
rElec  .         Reflect  .     T - +0 cloak
rCorr  .         Harm     .     U - +0 pair of gloves {Dex+3}
MR     +....                    z - +2 centaur barding {rC+}
Stlth  +.........               h - amulet of faith
                                R - ring of protection from cold
                                k - ring of poison resistance

@: about to teleport, heroism, very slightly contaminated, very quick
A: hooves 3, deformed body, speed 2, tough skin 3
a: Heroism, Finesse, Renounce Religion, Evoke Invisibility, Evoke Flight


You were on level 12 of the Dungeon.
You worshipped Okawaru.
Okawaru was exalted by your worship.
You were not hungry.

You visited 3 branches of the dungeon, and saw 20 of its levels.
You visited the Abyss 1 time.

You collected 1230 gold pieces.
You spent 280 gold pieces at shops.

Inventory:

Hand Weapons
 a - a +2 longbow of flaming (weapon)
 b - the +11 quarterstaff of Spite {crush, Dex+4}
   (You found it on level 6 of the Lair of Beasts)

   It inflicts extra damage upon your enemies.
   It affects your dexterity (+4).
Missiles
 d - 149 arrows (quivered)
Armour
 v - a +1 hat of spirit shield (worn)
 z - a +2 centaur barding of cold resistance (worn)
 J - the +6 scale mail "Feruh" (worn) {+Inv +Fly Int-3 Slay+3}
   (Okawaru gifted it to you on level 6 of the Lair of Beasts)

   It affects your intelligence (-3).
   It affects your accuracy and damage with ranged weapons and melee attacks
   (+3).
   It lets you turn invisible.
   It lets you fly.
 T - a +0 cloak (worn)
 U - a +0 pair of gloves of dexterity (worn)
Jewellery
 h - an amulet of faith (around neck)
 k - a ring of poison resistance (left hand)
 q - an uncursed ring of ice
 Q - an uncursed ring of resist corrosion
 R - a ring of protection from cold (right hand)
Wands
 D - a wand of hasting (3/9)
 X - a wand of digging (10/24)
Scrolls
 e - 5 scrolls of remove curse
 i - 2 scrolls of teleportation
 m - a scroll of enchant weapon
 o - 2 scrolls of fog
 K - 3 scrolls of magic mapping
Potions
 c - 5 potions of degeneration {unknown}
 g - 3 potions of curing
 n - 2 potions of flight {unknown}
 s - 3 potions of ambrosia {unknown}
 w - 4 potions of heal wounds {unknown}
 x - a potion of invisibility {unknown}
 B - 4 potions of brilliance {unknown}
 C - a potion of agility {unknown}
 E - a potion of resistance {unknown}
 I - 2 potions of magic {unknown}
 M - a potion of lignification {unknown}
 P - a potion of haste {unknown}
 S - a potion of berserk rage {unknown}
 V - 2 potions of mutation {unknown}
 Z - a potion of beneficial mutation {unknown}
Miscellaneous
 t - a phial of floods
Comestibles
 f - 6 bread rations {@e1}
 j - 4 beef jerkies
 l - 3 chunks of flesh {@w0}
 p - 11 meat rations {@e2}
 u - 9 slices of pizza
 F - a royal jelly
 H - 20 fruits


   Skills:
 + Level 9.5(14.5) Fighting
 * Level 25.3(27) Bows
 - Level 1.3(6.3) Dodging
 - Level 0.4(5.4) Stealth
 - Level 12.0 Invocations


You had 12 spell levels left.
You knew the following spells:

 Your Spells              Type           Power        Failure   Level  Hunger
a - Apportation           Tloc           #.........   95%         1    ##.....


Dungeon Overview and Level Annotations

Branches:
Dungeon (13/15)            Temple (1/1) D:6            Lair (6/6) D:11
 Shoals (0/4) Lair:2       Spider (0/4) Lair:4        Slime (0/5) Lair:5
    Orc (0/2) D:11
 Vaults: D:13-14

Altars:
Elyvilon
Fedhas
Gozag
Hepliaklqana
Okawaru
Qazlal
Trog
Vehumet
Xom
Yredelemnul
Zin

Shops:
D:7 :   D:12 *==(

Annotations:
D:12 4 runed doors, Rupert


Innate Abilities, Weirdness & Mutations

You have hooves in place of feet.
Armour fits poorly on your strangely shaped body.
You cover ground very quickly.
You have extremely tough skin. (AC +3)


Message History

You shoot an arrow. The arrow closely misses Rupert.
Rupert hits you with a battleaxe of electrocution!!
* * * LOW MAGIC WARNING * * *;
* * * LOW HITPOINT WARNING * * *
You take 23 damage, and have 26/118 hp.
You now have 5/23 mp.
Firing (i - inventory):
d - 150 arrows (quivered)
Press: ? - help, Shift-Dir - straight line, f/p - Rupert
Aim: Rupert, wielding a battleaxe of electrocution and wearing a glowing chain mail (moderately wounded, berserk, fast, unusually strong)
You shoot an arrow. The arrow hits Rupert!
The arrow burns Rupert.
Rupert is moderately wounded.
Rupert hits you with a battleaxe of electrocution!
* * * LOW MAGIC WARNING * * *;
* * * LOW HITPOINT WARNING * * *
You take 9 damage, and have 17/118 hp.
You now have 3/23 mp.
Unknown command.
As you read the scroll of teleportation, it crumbles to dust.
You feel strangely unstable.
Rupert hits you with a battleaxe of electrocution!
* * * LOW MAGIC WARNING * * *;
* * * LOW HITPOINT WARNING * * *
You are electrocuted!
* * * LOW MAGIC WARNING * * *
You die...

▒····▒▒▒·▒hHYHH·h·▒······
▒····▒ ▒(▒hhhhhH··▒······
▒····▒▒▒·▒YYhhh·HY▒······
▒·······(▒▒▒╬╬╬╬▒▒▒·····▒
▒·······(················
▒▒▒╬▒···············▒····
▒[···▒············▒····
▒▒▒▒▒▒▒▒····▒@▒▒▒▒▒▒▒▒▒▒·▒····
▒············@···········'····
▒▒·▒▒▒▒▒·▒▒▒▒············▒····
▒·▒···········▒·▒···∩·······▒
▒·▒·▒▒▒·▒▒▒▒·∩▒··············
▒·▒·▒ ▒·▒ ▒▒·▒▒▒▒▒▒▒▒·▒·····
▒·▒·▒ ▒·▒ ▒················
▒·▒·▒ ▒·▒▒▒▒▒▒▒▒▒▒▒·8··∩··8·▒
▒·▒·▒ ▒·······^············▒·
▒·▒·▒ ▒▒▒▒▒▒▒▒··▒▒·▒·▒·▒·····


You could see Rupert (berserk), 2 death yaks, a polar bear, a black bear, a wolf
and 2 hounds.

Vanquished Creatures
  Kirke (Lair:6)
  Nessos (Lair:4)
  2 dire elephants (Lair:6)
  Erolcha (D:12)
  5 hydras
  A merfolk avatar (Lair:6)
  5 death yaks (Lair:5)
  5 skeletal warriors (D:12)
  2 sea snakes (Lair:6)
  3 hill giants (D:10)
  An ugly thing (D:11)
  A deep elf mage (D:12)
  2 cyclopes (D:11)
  A centaur zombie (D:10)
  4 black mambas
  11 elephants
  A gargoyle (D:11)
  An ice statue (Lair:2)
  Joseph (Lair:1)
  13 spiny frogs
  A freezing wraith (Lair:2)
  13 komodo dragons
  4 rime drakes
  3 trolls
  9 polar bears
  A two-headed ogre (D:11)
  2 slime creatures (Lair:5)
  4 hornets
  5 blink frogs
  6 dream sheep
  2 wind drakes (Lair:6)
  10 hippogriffs
  A spriggan (D:8)
  6 wyverns
  5 wraiths
  7 hogs
  2 hungry ghosts
  41 yaks
  2 steam dragons
  Grum (D:8)
  2 basilisks
  2 mottled dragons (Lair:6)
  17 water moccasins
  2 hell hounds
  A soldier ant (D:11)
  5 orc warriors
  8 porcupines
  2 sky beasts
  17 ice beasts
  2 eyes of draining
  A black bear (D:8)
  3 phantoms
  19 wolves
  5 ogres
  13 centaurs
  13 crocodiles
  9 big kobolds
  13 bullfrogs
  4 scorpions
  A water moccasin skeleton (D:8)
  3 killer bees (D:9)
  3 howler monkeys
  An electric eel (D:8)
  9 crimson imps
  2 bullfrog zombies (D:8)
  4 jellies
  A quasit (D:5)
  A bullfrog skeleton (D:7)
  6 orc priests
  7 hounds
  A water moccasin simulacrum (D:8)
  5 centaur skeletons
  12 orc wizards
  An iguana (D:11)
  11 worker ants
  Terence (D:2)
  A centaur simulacrum (D:8)
  2 hound skeletons
  2 worker ant zombies
  15 adders
  6 shadow imps
  5 white imps
  3 adder skeletons
  An adder zombie (D:8)
  3 worms
  8 leopard geckos
  41 orcs
  7 bats
  4 giant cockroaches
  9 goblins
  6 hobgoblins
  4 jackals (D:4)
  5 quokkas
  4 frilled lizards
  33 kobolds
  A leopard gecko simulacrum (D:8)
  A leopard gecko skeleton (D:3)
  A quokka skeleton (D:4)
  6 rats
  2 fungi
564 creatures vanquished.

Vanquished Creatures (others)
  A porcupine (Lair:4)
  A sky beast (D:7)
  An ogre (D:6)
  A worker ant (D:5)
  16 fungi
  11 plants
31 creatures vanquished.

Grand Total: 595 creatures vanquished

Notes
Turn   | Place    | Note
-------+----------+-------------------------------------------
     0 | D:1      | Azzok the Centaur Hunter began the quest for the Orb.
     0 | D:1      | Reached XP level 1. HP: 17/17 MP: 1/1
   764 | D:1      | Reached XP level 2. HP: 24/24 MP: 2/2
  1021 | D:2      | Reached skill level 6 in Bows
  1409 | D:2      | Reached XP level 3. HP: 20/29 MP: 3/3
  2010 | D:2      | Reached skill level 7 in Bows
  2365 | D:2      | Noticed Terence
  2376 | D:2      | Killed Terence
  2376 | D:2      | Reached XP level 4. HP: 32/36 MP: 4/4
  2478 | D:3      | Noticed a centaur
  2807 | D:3      | Killed a centaur
  2807 | D:3      | Reached skill level 8 in Bows
  2807 | D:3      | Reached XP level 5. HP: 24/41 MP: 5/5
  3467 | D:4      | Noticed an ogre
  3468 | D:4      | Found a white marble altar of Elyvilon.
  3472 | D:4      | Killed an ogre
  3472 | D:4      | Reached skill level 9 in Bows
  3472 | D:4      | Reached XP level 6. HP: 48/48 MP: 6/6
  3773 | D:4      | Reached skill level 10 in Bows
  4054 | D:5      | Entered Level 5 of the Dungeon
  4734 | D:5      | Reached XP level 7. HP: 35/55 MP: 7/7
  5012 | D:5      | Reached skill level 11 in Bows
  5970 | D:6      | Reached skill level 12 in Bows
  6269 | D:6      | Found a staircase to the Ecumenical Temple.
  6280 | Temple   | Entered the Ecumenical Temple
  6307 | Temple   | Became a worshipper of Warmaster Okawaru
  6503 | D:6      | Reached skill level 1 in Invocations
  6503 | D:6      | Reached XP level 8. HP: 57/61 MP: 8/8
  6730 | D:7      | Reached skill level 13 in Bows
  6815 | D:7      | Reached * piety under Okawaru
  6892 | D:7      | Found Ylaider's Book Boutique.
  6970 | D:7      | Found a radiant altar of Vehumet.
  7099 | D:7      | Found a hazy altar of Hepliaklqana.
  7100 | D:7      | Found a shimmering altar of Xom.
  7101 | D:7      | Noticed a spectral ugly thing
  7217 | D:7      | Found a stormy altar of Qazlal.
  7220 | D:7      | Noticed an air elemental
  7275 | D:7      | Reached skill level 14 in Bows
  7850 | D:7      | Cast into level 1 of the Abyss (a distortion unwield)
  7850 | Abyss:1  | Found a corrupted altar of Lugonu.
  7861 | Abyss:1  | Found a corrupted altar of Lugonu.
  7900 | D:7      | Escaped the Abyss
  7909 | D:7      | Reached XP level 9. HP: 27/67 MP: 12/12
  8170 | D:7      | Reached ** piety under Okawaru
  8766 | D:8      | Noticed Grum
  8883 | D:8      | Reached skill level 5 in Invocations
  9039 | D:7      | Reached skill level 15 in Bows
  9665 | D:8      | Reached *** piety under Okawaru
  9759 | D:8      | Reached skill level 16 in Bows
  9844 | D:8      | Killed Grum
 10150 | D:8      | Reached XP level 10. HP: 64/73 MP: 15/15
 10314 | D:8      | Reached **** piety under Okawaru
 10633 | D:8      | Found a blossoming altar of Fedhas.
 10869 | D:8      | Found an opulent altar of Gozag.
 11193 | D:9      | Reached skill level 17 in Bows
 11241 | D:9      | Reached ***** piety under Okawaru
 11532 | D:9      | Received a gift from Okawaru
 11556 | D:9      | Received a gift from Okawaru
 11756 | D:9      | Received a gift from Okawaru
 12198 | D:9      | Reached skill level 18 in Bows
 12294 | D:9      | Found a basalt altar of Yredelemnul.
 12688 | D:9      | Found a bloodstained altar of Trog.
 12887 | D:10     | Entered Level 10 of the Dungeon
 13365 | D:10     | Reached XP level 11. HP: 79/79 MP: 17/17
 13391 | D:10     | Noticed a hill giant
 13442 | D:10     | Killed a hill giant
 13695 | D:10     | Noticed a hill giant
 13982 | D:10     | Received a gift from Okawaru
 14237 | D:10     | Killed a hill giant
 14237 | D:10     | Reached skill level 19 in Bows
 14589 | D:10     | Noticed a hill giant
 14624 | D:10     | Killed a hill giant
 14624 | D:10     | Reached ****** piety under Okawaru
 14624 | D:10     | Received a gift from Okawaru
 15051 | D:11     | Received a gift from Okawaru
 15056 | D:11     | Got a scorched centaur barding {god gift}
 15086 | D:10     | Identified the -2 centaur barding "Hityawk" {MP+9 Str+4 Int-3 Stlth+} (Okawaru gifted it to you on level 11 of the Dungeon)
 15366 | D:10     | Reached skill level 10 in Invocations
 16534 | D:11     | Reached skill level 20 in Bows
 17145 | D:11     | Found a staircase to the Orcish Mines.
 17940 | D:11     | Reached XP level 12. HP: 85/85 MP: 20/20
 18187 | D:11     | Found a staircase to the Lair.
 19276 | D:12     | Received a gift from Okawaru
 19367 | D:12     | Found Isuk's Jewellery Shop.
 19374 | D:12     | Found Geneczocs's Jewellery Shoppe.
 19399 | D:12     | Found Kump's Assorted Antiques.
 19404 | D:12     | Found a huge runed gate.
 19405 | D:12     | Found a huge runed gate.
 19405 | D:12     | Found a huge runed gate.
 19405 | D:12     | Found a huge runed gate.
 19406 | D:12     | Noticed a death yak
 19407 | D:12     | Noticed a death yak
 20415 | D:11     | Noticed a seven-headed hydra
 20614 | D:11     | Killed a seven-headed hydra
 20614 | D:11     | Reached skill level 21 in Bows
 20726 | Lair:1   | Entered Level 1 of the Lair of Beasts
 21673 | Lair:1   | Got a warped trident
 21674 | Lair:1   | Identified the +8 trident "Cusupual" {pierce, +Inv rC++ Dex-2 SInv} (You found it on level 1 of the Lair of Beasts)
 22011 | Lair:1   | Noticed Joseph
 22029 | Lair:1   | Killed Joseph
 23490 | Lair:2   | Received a gift from Okawaru
 23844 | Lair:2   | Reached skill level 22 in Bows
 24706 | Lair:2   | Found a staircase to the Shoals.
 24988 | Lair:2   | Reached XP level 13. HP: 96/96 MP: 22/22
 25380 | D:12     | Bought an uncursed ring of poison resistance for 280 gold pieces
 26767 | Lair:4   | Noticed Nessos
 27053 | Lair:4   | Killed Nessos
 27300 | Lair:4   | Identified a scroll of acquirement
 27332 | Lair:4   | Found a hole to the Spider Nest.
 27334 | Lair:4   | Got a pitted scale mail
 27352 | Lair:4   | Identified the +8 scale mail of the Everdark {Dex+2} (You found it on level 4 of the Lair of Beasts)
 27720 | Lair:4   | Reached skill level 5 in Fighting
 29002 | Lair:5   | Received a gift from Okawaru
 29010 | Lair:5   | Got a brightly glowing longbow {god gift}
 29011 | Lair:5   | Identified the +10 longbow of Vanity {venom, *Contam +Inv rElec MR-} (Okawaru gifted it to you on level 5 of the Lair of Beasts)
 29037 | Lair:5   | Reached skill level 23 in Bows
 29225 | Lair:5   | Found a staircase to the Slime Pits.
 29643 | Lair:5   | Learned a level 1 spell: Apportation
 29715 | Lair:6   | Entered Level 6 of the Lair of Beasts
 29731 | Lair:6   | Received a gift from Okawaru
 29975 | Lair:6   | Noticed Kirke
 30726 | Lair:6   | Got a scorched scale mail {god gift}
 30727 | Lair:6   | Identified the +6 scale mail "Feruh" {+Inv +Fly Int-3 Slay+3} (Okawaru gifted it to you on level 6 of the Lair of Beasts)
 30766 | Lair:6   | Reached XP level 14. HP: 113/113 MP: 23/23
 30785 | Lair:6   | Reached skill level 24 in Bows
 30844 | Lair:6   | Received a gift from Okawaru
 31642 | Lair:6   | Killed Kirke
 32312 | Lair:6   | Reached skill level 25 in Bows
 32320 | Lair:6   | Received a gift from Okawaru
 32479 | Lair:6   | Got an iridescent quarterstaff
 32480 | Lair:6   | Identified the +11 quarterstaff of Spite {crush, Dex+4} (You found it on level 6 of the Lair of Beasts)
 32488 | Lair:6   | Got a pitted plate armour
 32489 | Lair:6   | Identified the +4 plate armour of the Chupacabra {rPois MR- Dex+4} (You found it on level 6 of the Lair of Beasts)
 33425 | D:12     | Found Omaf's Antique Weapon Emporium.
 33450 | D:12     | Noticed Erolcha
 33457 | D:12     | Killed Erolcha
 33597 | D:13     | Noticed Rupert
 33599 | D:13     | Paralysed by Rupert for 4 turns
 33725 | D:12     | Mangled by Rupert

Skill      XL: |  1  2  3  4  5  6  7  8  9 10 11 12 13 14 |
---------------+-------------------------------------------+-----
Bows           | 6 7 8 9 10 12 14 16 18 20 22 23 25 | 25.3
Invocations    | 1 4 6 8 10 12 | 12.0
Fighting       | 3 7 9 |  9.5
Dodging        | |  1.3
Stealth        | |  0.4

Action                   |  1- 3 |  4- 6 |  7- 9 | 10-12 | 13-15 || total
-------------------------+-------+-------+-------+-------+-------++-------
Melee: Short sword       |   104 |       |       |       |       ||   104
       Kick              |    12 |    31 |    27 |     4 |       ||    74
       Quarterstaff      |    31 |   164 |   159 |     2 |       ||   356
       Falchion          |       |       |       |     5 |       ||     5
       Shortbow          |       |       |       |     1 |       ||     1
       Trident           |       |       |       |     8 |     1 ||     9
 Fire: Shortbow          |       |       |   258 |  1922 |   152 ||  2332
       Longbow           |       |       |       |       |   544 ||   544
Invok: Heroism           |       |       |       |     6 |     4 ||    10
       Finesse           |       |       |       |     1 |     1 ||     2
Evoke: Wand              |       |       |     2 |       |     1 ||     3
  Use: Potion            |       |       |     2 |       |     1 ||     3
       Scroll            |       |       |       |    16 |    10 ||    26
  Eat: Chunk             |     3 |     7 |    13 |    29 |    22 ||    74
       Fruit             |       |       |     1 |     3 |       ||     4
       Beef jerky        |       |       |       |     4 |       ||     4
Armor: Ring mail         |    35 |       |       |       |       ||    35
       Scale mail        |     5 |       |       |       |    87 ||    92
       Plate armour      |    46 |   138 |   149 |   353 |    31 ||   717
Dodge: Dodged            |    48 |    22 |    22 |    55 |    46 ||   193
